[Event "56th Biel Festival MTO 2023"]
[White "Haimovich,Tal"]
[Black "Perkampus,Laurin"]
[Site "Biel"]
[Round "2.26"]
[Annotator "ChessBase"]
[Result "1-0"]
[Date "2023.07.19"]
[WhiteElo "2374"]
[BlackElo "2197"]
[PlyCount "59"]
[TimeControl "60"]

1. Nf3 Nf6 2. d4 g6 3. c4 Bg7 4. e3 O-O 5. Be2 c5 6. d5 e6 7. Nc3 exd5 8. cxd5 d6 9. h3 Re8 10. O-O Ne4 11. Nxe4 Rxe4 12. Bd3 Re8 13. Qc2 Na6 14. a3 Nc7 15. e4 b5 16. Qd1 Bb7 17. Bg5 Bf6 18. Qd2 Bxg5 19. Nxg5 Qf6 20. Rad1 c4 21. Bb1 Na6 22. f4 Nc5 23. f5 h6 24. fxg6 Qxg6 25. Nxf7 Kg7 26. Qd4+ Kh7 27. e5 Nd3 28. Rxd3 dxe5 29. Nxe5 Rxe5 30. Rg3 1-0

[Event "56th Biel Festival MTO 2023"]
[White "Coles,Ruben"]
[Black "Dotzer,Lukas"]
[Site "Biel"]
[Round "2.27"]
[Annotator "ChessBase"]
[Result "0-1"]
[Date "2023.07.19"]
[WhiteElo "2167"]
[BlackElo "2369"]
[PlyCount "72"]
[TimeControl "60"]

1. e4 c5 2. Nf3 e6 3. b3 b6 4. Bb2 Bb7 5. Nc3 Nc6 6. Be2 d5 7. exd5 exd5 8. d4 Nf6 9. O-O Be7 10. Re1 O-O 11. h3 Rc8 12. dxc5 Bxc5 13. Na4 Bb4 14. c3 Bd6 15. c4 Re8 16. cxd5 Nb4 17. Nc3 Rc5 18. Bc4 Rxe1+ 19. Nxe1 Nbxd5 20. Nxd5 Nxd5 21. Qd4 Qg5 22. h4 Qg6 23. h5 Qg5 24. Nf3 Qh6 25. Re1 Ne7 26. Ne5 Bd5 27. b4 Qg5 28. g3 Qxh5 29. Nf3 Nf5 30. Re8+ Bf8 31. Qd3 Nxg3 32. fxg3 Rxc4 33. Ne5 Qh1+ 34. Kf2 Qg2+ 35. Ke1 Re4+ 36. Kd1 Qxb2 0-1

[Event "56th Biel Festival MTO 2023"]
[White "Rosen,Eric"]
[Black "Malli,Suvirr"]
[Site "Biel"]
[Round "2.28"]
[Annotator "ChessBase"]
[Result "0-1"]
[Date "2023.07.19"]
[WhiteElo "2344"]
[BlackElo "2094"]
[PlyCount "128"]
[TimeControl "60"]

1. d4 d5 2. c4 c6 3. Nd2 Nf6 4. Ngf3 e6 5. g3 Nbd7 6. Bg2 Bd6 7. O-O O-O 8. Qc2 Re8 9. b3 e5 10. cxd5 cxd5 11. dxe5 Nxe5 12. Bb2 Nc6 13. e3 Nb4 14. Qb1 Ne4 15. a3 Na6 16. b4 Nc7 17. Nb3 Bf5 18. Nbd4 Bg6 19. Qa2 Rc8 20. Rad1 a6 21. Nh4 Bh5 22. Rd3 Bf8 23. Rc1 Qd7 24. Ndf5 Qb5 25. Bf1 Qa4 26. Bh3 Ne6 27. Qa1 Rc2 28. Rxd5 Qb3 29. Rxc2 Qxc2 30. Bg2 Qxf2+ 31. Kh1 Nd2 32. Bc3 Nc4 33. Qe1 Qxe1+ 34. Bxe1 g6 35. Nd4 Nxe3 36. Rd7 Nxd4 37. Rxd4 Nc2 38. Re4 Rxe4 39. Bxe4 Nxe1 40. Kg1 g5 41. Nf5 Bf3 42. Bb1 Bc6 43. Kf2 Nf3 44. h4 gxh4 45. gxh4 Nd2 46. Bd3 Ne4+ 47. Ke3 Nd6 48. Ng3 Bh6+ 49. Kd4 Nb5+ 50. Ke5 Bg7+ 51. Kf4 Nxa3 52. Nf5 Nb5 53. Ne7+ Kh8 54. Bc4 Nd6 55. Bxa6 Bc3 56. Nxc6 bxc6 57. Be2 Bxb4 58. Ke5 Kg7 59. h5 Ne8 60. Kf5 h6 61. Ke5 c5 62. Kd5 Kf6 63. Ke4 Kg5 64. Ke5 Ng7 0-1

[Event "56th Biel Festival MTO 2023"]
[White "Huston,Gus"]
[Black "Papaux,Steve"]
[Site "Biel"]
[Round "2.29"]
[Annotator "ChessBase"]
[Result "1/2-1/2"]
[Date "2023.07.19"]
[WhiteElo "2341"]
[BlackElo "2064"]
[PlyCount "89"]
[TimeControl "60"]

1. d4 d5 2. c4 c6 3. Nf3 Nf6 4. cxd5 cxd5 5. Nc3 Nc6 6. Bf4 Bf5 7. e3 e6 8. Qb3 Qb6 9. Qxb6 axb6 10. Nh4 Bg6 11. Nxg6 hxg6 12. Bb5 Bb4 13. Ke2 Bxc3 14. bxc3 Ne4 15. Rhc1 g5 16. Bg3 Ra3 17. c4 Kd7 18. Rc2 Rha8 19. cxd5 exd5 20. Rb2 Rxa2 21. Raxa2 Rxa2 22. Rxa2 Nc3+ 23. Kd3 Nxa2 24. f3 Nab4+ 25. Kc3 Na6 26. Ba4 Nc7 27. e4 f6 28. Kd3 b5 29. Bb3 Ne7 30. Be1 f5 31. Bd2 g4 32. exf5 gxf3 33. g4 Nc6 34. Be3 Na5 35. Bd1 b4 36. Bxf3 b3 37. Bf4 Nc4 38. Bd1 b2 39. Ba4+ b5 40. Bc2 Ne8 41. g5 b4 42. Ba4+ Ke7 43. Kc2 Ned6 44. Bxd6+ Nxd6 45. Kxb2 1/2-1/2

[Event "56th Biel Festival MTO 2023"]
[White "Weishaeutel,Moritz"]
[Black "Pernutz,Hans-Gerhard"]
[Site "Biel"]
[Round "2.30"]
[Annotator "RC"]
[Result "1-0"]
[Date "2023.07.19"]
[WhiteElo "2442"]
[BlackElo "2054"]
[PlyCount "83"]
[TimeControl "60"]

1. d4 Nf6 2. c4 c5 3. d5 b5 4. cxb5 a6 5. bxa6 Bxa6 6. Nc3 g6 7. e4 Bxf1 8. Kxf1 d6 9. Nf3 Nbd7 10. g3 Bg7 11. Kg2 O-O 12. a4 Qb6 13. Qe2 Qa6 14. Nb5 Rfc8 15. Ra3 Rab8 16. b3 Ne8 17. Bb2 f6 18. Re1 Nc7 19. Nxc7 Qxe2 20. Rxe2 Rxc7 21. Nd2 Ra7 22. a5 Rb5 23. Nc4 Ra6 24. f4 Rb7 25. Kf1 Kf8 26. Ke1 Kf7 27. Kd1 e5 28. fxe5 Nxe5 29. Bxe5 fxe5 30. Kc2 Bf6 31. Kc3 Bd8 32. Rb2 Rb4 33. Rba2 Ke8 34. Ra4 Rb5 35. b4 cxb4+ 36. Kb3 Bc7 37. Rxb4 Rc5 38. Rb7 Kd8 39. Kb4 Kc8 40. Rb5 Rxb5+ 41. Kxb5 Kb7 42. Rf2 1-0

[Event "56th Biel Festival MTO 2023"]
[White "Pham,Le Thao Nguyen"]
[Black "Ammar,Sedrani"]
[Site "Biel"]
[Round "2.31"]
[Annotator "ChessBase"]
[Result "1-0"]
[Date "2023.07.19"]
[WhiteElo "2369"]
[BlackElo "2154"]
[PlyCount "127"]
[TimeControl "60"]

1. Nf3 d5 2. g3 Nc6 3. d4 Bf5 4. c3 e6 5. Bg2 h6 6. O-O Nf6 7. Bf4 Bd6 8. Qc1 O-O 9. h3 Re8 10. Be5 a5 11. a4 Be4 12. Nbd2 Bxe5 13. Nxe5 Bxg2 14. Kxg2 Qd6 15. f4 Nd7 16. Ndf3 f6 17. Nxd7 Qxd7 18. Qc2 e5 19. dxe5 fxe5 20. f5 e4 21. Nh4 Rf8 22. Qd2 Rf6 23. Rf4 Rd8 24. Raf1 Ne5 25. Qd4 Qd6 26. b3 c5 27. Qf2 Qb6 28. Rb1 Qc6 29. Kh2 d4 30. Qg2 e3 31. Re4 Qd5 32. cxd4 cxd4 33. Rd1 Nc6 34. Re8+ Kf7 35. Qxd5+ Rxd5 36. Rxe3 Ne7 37. Re4 Nxf5 38. Nf3 Rb6 39. g4 Ne7 40. Nxd4 Rf6 41. Rc1 Nc6 42. Nf3 Rfd6 43. Kg3 Kg8 44. Rcc4 Rd1 45. Rc5 R6d5 46. Rb5 Rxb5 47. axb5 Nb4 48. Re7 b6 49. Re8+ Kf7 50. Rb8 Nd5 51. Rb7+ Kf8 52. Kf2 Nf4 53. h4 Nd5 54. g5 hxg5 55. hxg5 Nc3 56. Rxb6 Rd5 57. Rb8+ Kf7 58. b6 Ne4+ 59. Ke3 Nxg5 60. b7 Rb5 61. Nxg5+ Kg6 62. Ne4 Rxb3+ 63. Kd4 a4 64. Nc5 1-0

[Event "56th Biel Festival MTO 2023"]
[White "Karthik Rajaa"]
[Black "Ludwig,Peter"]
[Site "Biel"]
[Round "2.32"]
[Annotator "ChessBase"]
[Result "1-0"]
[Date "2023.07.19"]
[WhiteElo "2276"]
[BlackElo "2147"]
[PlyCount "83"]
[TimeControl "60"]

1. d4 Nf6 2. Nf3 e6 3. Bf4 c5 4. e3 Nc6 5. Nc3 cxd4 6. exd4 Bb4 7. Bd3 Nd5 8. Bd2 Bxc3 9. bxc3 Qc7 10. c4 Nf4 11. Bf1 b6 12. Qc1 Ng6 13. h4 Na5 14. h5 Ne7 15. Bxa5 bxa5 16. h6 gxh6 17. Qxh6 d6 18. Qf6 Rf8 19. Rxh7 Nd5 20. Qh6 Nb4 21. Bd3 Bb7 22. Qxe6+ fxe6 23. Rxc7 Bxf3 24. gxf3 Nxd3+ 25. cxd3 Rb8 26. O-O-O Rxf3 27. Rh1 Rxf2 28. Rh8+ Rf8 29. Rxf8+ Kxf8 30. Rxa7 Rb4 31. Rxa5 d5 32. a3 Rb3 33. Kc2 dxc4 34. dxc4 Rh3 35. Ra7 Ke8 36. a4 Kd8 37. a5 Ra3 38. a6 Kc8 39. Kb2 Rd3 40. Ra8+ Kc7 41. Re8 Rxd4 42. a7 1-0

[Event "56th Biel Festival MTO 2023"]
[White "Jaksland,Tim"]
[Black "Asllani,Dorian"]
[Site "Biel"]
[Round "2.33"]
[Annotator "ChessBase"]
[Result "0-1"]
[Date "2023.07.19"]
[WhiteElo "2136"]
[BlackElo "2272"]
[PlyCount "72"]
[TimeControl "60"]

1. e4 c5 2. c3 d5 3. exd5 Qxd5 4. d4 Nc6 5. Nf3 Bg4 6. dxc5 Qxd1+ 7. Kxd1 e6 8. Be3 Nge7 9. Be2 Nd5 10. b4 O-O-O 11. Kc2 Be7 12. Nbd2 Bf6 13. Bb5 Bxc3 14. a3 Bxa1 15. Rxa1 Nce7 16. Ne5 Bf5+ 17. Kc1 Bg6 18. Ndc4 Nf5 19. g4 Nfxe3 20. fxe3 Nc3 21. a4 f6 22. Nxg6 hxg6 23. Nd6+ Kb8 24. Kb2 Nxb5 25. axb5 Rxh2+ 26. Kc3 Re2 27. Kd3 Rg2 28. Rh1 Rxg4 29. Rh7 Rg8 30. Kc3 g5 31. Rh1 Rh4 32. Rd1 Rd8 33. c6 Kc7 34. cxb7 Rhh8 35. Ra1 Rxd6 36. Rxa7 Rb8 0-1

[Event "56th Biel Festival MTO 2023"]
[White "Abdulrahman Mohammad,Al Taher"]
[Black "Misiano,Franco"]
[Site "Biel"]
[Round "2.34"]
[Annotator "ChessBase"]
[Result "1-0"]
[Date "2023.07.19"]
[WhiteElo "2258"]
[BlackElo "2133"]
[PlyCount "113"]
[TimeControl "60"]

1. d4 d5 2. c4 c6 3. Nc3 Nf6 4. e3 e6 5. Nf3 Nbd7 6. Qc2 Bd6 7. Bd3 dxc4 8. Bxc4 O-O 9. O-O b5 10. Bd3 Bb7 11. e4 e5 12. dxe5 Nxe5 13. Nxe5 Bxe5 14. h3 Re8 15. Be3 a6 16. f4 Bd4 17. Bxd4 Qxd4+ 18. Kh2 c5 19. e5 c4 20. Bf5 b4 21. Ne2 Qe3 22. Ng3 Nd5 23. Bxh7+ Kf8 24. Rae1 Qb6 25. Qxc4 Rac8 26. Qe2 Qh6 27. Be4 Nxf4 28. Rxf4 Qxf4 29. Bxb7 Rc5 30. Rf1 Qxe5 31. Qxe5 Rexe5 32. Bxa6 Rc2 33. Rf5 Rxf5 34. Nxf5 Rxb2 35. Bc4 Rd2 36. Ne3 g6 37. Bb3 f5 38. Kg3 Rd4 39. Nc2 Rd3+ 40. Kf2 Rd2+ 41. Kf3 Kg7 42. Nxb4 Kf6 43. Bd5 Ke5 44. Ke3 Rd1 45. Bc6 Kd6 46. Bf3 Ra1 47. Kf4 Kc5 48. Nd3+ Kd6 49. Kg5 Rxa2 50. Kxg6 Ra3 51. Nf4 Ke5 52. Kg5 Ra7 53. h4 Rg7+ 54. Ng6+ Ke6 55. h5 Ra7 56. h6 Rc7 57. h7 1-0

[Event "56th Biel Festival MTO 2023"]
[White "Collin,Moritz Valentin"]
[Black "Gomez Barrera,Javiera Belen"]
[Site "Biel"]
[Round "2.35"]
[Annotator "ChessBase"]
[Result "1-0"]
[Date "2023.07.19"]
[WhiteElo "2132"]
[BlackElo "2256"]
[PlyCount "75"]
[TimeControl "60"]

1. d4 Nf6 2. c4 g6 3. Nc3 Bg7 4. e4 d6 5. Be2 O-O 6. Be3 Nc6 7. d5 Ne5 8. Rc1 Re8 9. Nf3 Nxf3+ 10. Bxf3 e6 11. O-O exd5 12. cxd5 Bd7 13. Qb3 b5 14. Rfe1 a6 15. h3 Rb8 16. Qc2 Rc8 17. a3 c5 18. dxc6 Bxc6 19. Qd3 Nd7 20. Qxd6 Ne5 21. Qxd8 Nxf3+ 22. gxf3 Rcxd8 23. Red1 Bb7 24. Bb6 Rxd1+ 25. Rxd1 f5 26. Bd4 Bh6 27. Be3 Bg7 28. exf5 gxf5 29. f4 Bf6 30. Rd7 Re7 31. Rxe7 Bxe7 32. Bd4 Kf7 33. b4 Bc6 34. Ne2 Bf3 35. Kf1 Bd5 36. Ng3 Ke6 37. Nh5 Be4 38. Ke2 1-0

[Event "56th Biel Festival MTO 2023"]
[White "Joly,Julien"]
[Black "Giacomini,Hector"]
[Site "Biel"]
[Round "2.36"]
[Annotator "ChessBase"]
[Result "1-0"]
[Date "2023.07.19"]
[WhiteElo "2249"]
[BlackElo "2126"]
[PlyCount "115"]
[TimeControl "60"]

1. d4 d5 2. c4 e6 3. Nf3 Nf6 4. g3 dxc4 5. Bg2 c5 6. O-O Nc6 7. Qa4 Bd7 8. Qxc4 b5 9. Qd3 c4 10. Qc2 Be7 11. e4 O-O 12. Rd1 Rc8 13. Qe2 Re8 14. Ne5 h6 15. Be3 Qc7 16. Nxc6 Bxc6 17. Nd2 Qb7 18. f3 Red8 19. Rac1 Nd7 20. Bh3 Nb6 21. Bf2 Bd7 22. f4 b4 23. Nf3 Rc7 24. Ne5 Ba4 25. Rf1 c3 26. b3 Be8 27. Nf3 Bc6 28. d5 exd5 29. e5 d4 30. Nxd4 Bc5 31. Rfd1 Bxd4 32. Rxd4 Rxd4 33. Bxd4 Bf3 34. Qb5 Nd7 35. Qxb7 Rxb7 36. Kf2 Bd5 37. Bf1 a5 38. Ba6 Rb8 39. Ke3 Kf8 40. Kd3 Ke7 41. Rf1 g6 42. g4 Rg8 43. Bc4 Bxc4+ 44. Kxc4 Rb8 45. f5 gxf5 46. gxf5 f6 47. e6 Ne5+ 48. Kd5 Kf8 49. Bc5+ Kg8 50. Rg1+ Kh7 51. e7 Nd3 52. Bd6 Rc8 53. Rg2 h5 54. h4 Kh8 55. Re2 Re8 56. Ke6 Nc1 57. Rg2 Nd3 58. Kf7 1-0

[Event "56th Biel Festival MTO 2023"]
[White "Vasquez Toledo,Cristian"]
[Black "Gemelli,Romain"]
[Site "Biel"]
[Round "2.37"]
[Annotator "ChessBase"]
[Result "1-0"]
[Date "2023.07.19"]
[WhiteElo "2233"]
[BlackElo "2122"]
[PlyCount "55"]
[TimeControl "60"]

1. e4 c5 2. Nf3 Nc6 3. Bb5 d6 4. O-O Bd7 5. Re1 Nf6 6. h3 a6 7. Bf1 g5 8. d4 g4 9. d5 gxf3 10. dxc6 Bxc6 11. Qxf3 e6 12. c4 Be7 13. Nc3 Rg8 14. a3 Qb6 15. b4 Qc7 16. Bf4 b6 17. b5 axb5 18. cxb5 Bb7 19. a4 Nd7 20. Rad1 O-O-O 21. a5 f5 22. Qd3 fxe4 23. Nxe4 e5 24. Bh2 Nf6 25. Nxf6 Bxf6 26. Qf5+ Qd7 27. Qxf6 Qxh3 28. Bg3 1-0

[Event "56th Biel Festival MTO 2023"]
[White "Ehsani,Yassamin"]
[Black "Ermitsch,Magnus"]
[Site "Biel"]
[Round "2.38"]
[Annotator "ChessBase"]
[Result "1-0"]
[Date "2023.07.19"]
[WhiteElo "2106"]
[BlackElo "2232"]
[PlyCount "68"]
[TimeControl "60"]

1. d4 d5 2. c4 c6 3. Nc3 Nf6 4. e3 e6 5. Nf3 Nbd7 6. Be2 b6 7. O-O Bd6 8. Qc2 Bb7 9. b3 O-O 10. Bb2 Rc8 11. e4 dxe4 12. Nxe4 Nxe4 13. Qxe4 Qe7 14. Bd3 Nf6 15. Qh4 h6 16. Rfe1 Ba3 17. Bxa3 Qxa3 18. g4 Qe7 19. g5 hxg5 20. Nxg5 g6 21. Nh7 Kg7 22. Nxf8 Rxf8 23. Re3 Rh8 24. Qf4 Qd8 25. Rae1 Rh5 26. Re5 Qd6 27. Be2 Rh8 28. c5 Qe7 29. Bc4 Bc8 30. b4 b5 31. Bb3 a5 32. a3 axb4 33. axb4 Qa7 34. R5e3 Rh5 1-0

[Event "56th Biel Festival MTO 2023"]
[White "Urh,Zala"]
[Black "Adam,Rafael"]
[Site "Biel"]
[Round "2.39"]
[Annotator "ChessBase"]
[Result "1-0"]
[Date "2023.07.19"]
[WhiteElo "2231"]
[BlackElo "2117"]
[PlyCount "123"]
[TimeControl "60"]

1. e4 c6 2. Nc3 d5 3. Nf3 dxe4 4. Nxe4 Nf6 5. Qe2 Nxe4 6. Qxe4 Nd7 7. Bc4 Nf6 8. Ne5 e6 9. Qe2 b5 10. Bd3 Bb7 11. a4 b4 12. b3 a5 13. Bb2 Bc5 14. Nc4 Ba6 15. O-O O-O 16. Bxf6 Qxf6 17. Bxh7+ Kxh7 18. Qh5+ Qh6 19. Qxc5 Bxc4 20. Qxc4 Qxd2 21. Rad1 Qg5 22. Rd7 Rad8 23. Qxc6 Rxd7 24. Qxd7 Qc5 25. Qd3+ Kg8 26. Re1 Rc8 27. Re2 Qc7 28. Rd2 Qe5 29. g3 g6 30. h4 Rc3 31. Qe2 Qc5 32. Kh2 Kg7 33. Qe4 Kg8 34. Kg2 Qc6 35. Qxc6 Rxc6 36. c4 bxc3 37. Rc2 Kf8 38. Kf3 Ke7 39. Ke3 Kd6 40. Kd3 Kd5 41. Rxc3 Rb6 42. Kc2 e5 43. Rd3+ Kc5 44. Rf3 f6 45. g4 Rb4 46. Rc3+ Kd5 47. Rc4 Rb8 48. h5 Rg8 49. Kd3 Rb8 50. Kc3 Rh8 51. hxg6 Rg8 52. b4 axb4+ 53. Rxb4 Rxg6 54. a5 Kc5 55. a6 Rg7 56. Ra4 Ra7 57. Kd3 Kd5 58. Ra5+ Kd6 59. Ke4 Ke6 60. Ra1 Ke7 61. Kd5 Kd7 62. Ra2 1-0

[Event "56th Biel Festival MTO 2023"]
[White "Lorscheid,Gerhard"]
[Black "Frey,Fabian"]
[Site "Biel"]
[Round "2.40"]
[Annotator "ChessBase"]
[Result "0-1"]
[Date "2023.07.19"]
[WhiteElo "2099"]
[BlackElo "2230"]
[PlyCount "92"]
[TimeControl "60"]

1. c4 c6 2. Nf3 d5 3. b3 Bf5 4. Bb2 e6 5. g3 h6 6. Bg2 Nf6 7. O-O Be7 8. d3 O-O 9. Nbd2 Bh7 10. a3 a5 11. Qc2 Nbd7 12. Rab1 c5 13. Rfd1 Rc8 14. Rbc1 d4 15. b4 b6 16. Rb1 e5 17. bxa5 bxa5 18. Bc1 Qc7 19. Ne1 Rb8 20. Rb5 Ne8 21. Rxb8 Nxb8 22. Bb2 f5 23. Rb1 Nd6 24. Bd5+ Kh8 25. Bc1 Nd7 26. Bg2 Nf6 27. Qb3 Nd7 28. Qc2 Bg6 29. Nb3 Bd8 30. Bd2 Qa7 31. Bc1 Bh5 32. Bc6 Nb8 33. Bd5 Bc7 34. f4 exf4 35. Bxf4 Nd7 36. Nxd4 cxd4 37. Bxd6 Bxd6 38. Rb7 Qc5 39. Rxd7 f4 40. gxf4 Bxf4 41. Nf3 Qc8 42. Be6 Qc6 43. Bh3 Be3+ 44. Kh1 Bxf3+ 45. exf3 Qxf3+ 46. Bg2 Qg4 0-1

[Event "56th Biel Festival MTO 2023"]
[White "Kocharin,Timur"]
[Black "Matta,Vinay Kumar"]
[Site "Biel"]
[Round "2.41"]
[Annotator "ChessBase"]
[Result "1/2-1/2"]
[Date "2023.07.19"]
[WhiteElo "2225"]
[BlackElo "2111"]
[PlyCount "126"]
[TimeControl "60"]

1. e4 e5 2. Nf3 Nc6 3. Bb5 a6 4. Ba4 Nf6 5. O-O Be7 6. d3 b5 7. Bb3 d6 8. Bd2 O-O 9. c3 Na5 10. Bc2 c5 11. Re1 Qc7 12. h3 Re8 13. Bc1 Bd7 14. Nbd2 Bf8 15. Nf1 g6 16. Ng3 Bg7 17. Be3 d5 18. Bg5 dxe4 19. dxe4 h6 20. Bc1 Rad8 21. Qe2 c4 22. Be3 Nb7 23. Red1 Nc5 24. Rd2 Ne6 25. Rad1 Nf4 26. Qf1 Bf8 27. Ne2 Ne6 28. Ng3 Bc6 29. Rxd8 Rxd8 30. Rxd8 Nxd8 31. Qc1 Kh7 32. Qd2 Ne6 33. Nh2 a5 34. Ng4 Nxg4 35. hxg4 Qd7 36. Nf1 Qb7 37. f3 b4 38. Bd1 b3 39. Qc1 Nc5 40. a3 Nd3 41. Qb1 Bb5 42. Be2 Qc6 43. Bxd3 cxd3 44. Nd2 a4 45. Qc1 Ba6 46. Kf2 Qf6 47. Kg3 Qd8 48. Qh1 f6 49. Kf2 Qc8 50. Qc1 Bc5 51. Nf1 Be7 52. Ng3 Qb7 53. Nf1 Bxa3 54. bxa3 b2 55. Qb1 Qb3 56. Bc1 bxc1=Q 57. Qxc1 Qc2+ 58. Qd2 Kg7 59. Kg3 Qb1 60. Qe3 Bc4 61. Nd2 Qb5 62. Nxc4 Qxc4 63. Qa7+ Kg8 1/2-1/2

[Event "56th Biel Festival MTO 2023"]
[White "Stijve,Niels"]
[Black "Costello,Alexander"]
[Site "Biel"]
[Round "2.42"]
[Annotator "ChessBase"]
[Result "0-1"]
[Date "2023.07.19"]
[WhiteElo "2088"]
[BlackElo "2224"]
[PlyCount "74"]
[TimeControl "60"]

1. e4 c5 2. Nf3 Nc6 3. d4 cxd4 4. Nxd4 Qb6 5. Nb3 Nf6 6. Nc3 e6 7. Be3 Qc7 8. Qd2 Bb4 9. f3 d5 10. a3 Bxc3 11. Qxc3 e5 12. Bg5 d4 13. Qd2 Nb8 14. Rc1 Be6 15. Bd3 Nbd7 16. O-O O-O 17. f4 Qb6 18. Na5 exf4 19. Rxf4 Ng4 20. Nc4 Qc5 21. Bh4 Rac8 22. h3 Bxc4 23. hxg4 Bxd3 24. Qxd3 Ne5 25. Qf1 Ng6 26. Rf5 Qc6 27. Bg3 Qxe4 28. c4 dxc3 29. bxc3 Qxg4 30. Bd6 Rfd8 31. Bb4 f6 32. Rf2 Ne5 33. Rf4 Qg3 34. Rc2 Ng4 35. Qf3 Qh2+ 36. Kf1 Qh1+ 37. Ke2 Qd1# 0-1

[Event "56th Biel Festival MTO 2023"]
[White "Kamber,Bruno"]
[Black "Akshit Kumar J"]
[Site "Biel"]
[Round "2.43"]
[Annotator "ChessBase"]
[Result "1-0"]
[Date "2023.07.19"]
[WhiteElo "2214"]
[BlackElo "2105"]
[PlyCount "105"]
[TimeControl "60"]

1. e4 e5 2. Bc4 Nf6 3. d3 c6 4. Nf3 Be7 5. O-O d6 6. a4 O-O 7. a5 Re8 8. Bb3 Bf8 9. h3 g6 10. Bg5 Bg7 11. Nc3 h6 12. Bd2 Nbd7 13. Qc1 g5 14. h4 g4 15. Nh2 h5 16. Bg5 Nc5 17. Ba2 Be6 18. Ne2 Bxa2 19. Rxa2 Ne6 20. Ng3 Nxg5 21. Qxg5 Re6 22. Nxh5 Nxh5 23. Qxh5 Rh6 24. Qg5 Rg6 25. Qxd8+ Rxd8 26. g3 d5 27. Ra4 dxe4 28. dxe4 Bf8 29. Rc4 Rd2 30. Re1 b5 31. axb6 axb6 32. Nf1 Rd7 33. Re2 Rd1 34. Kg2 Bh6 35. h5 Rgd6 36. Nh2 Bc1 37. Nxg4 Bxb2 38. c3 b5 39. Rc5 Ba3 40. Rxe5 Rc1 41. Re8+ Kh7 42. e5 Rdd1 43. Nf6+ Kh6 44. Rh8+ Kg7 45. Rh7+ Kf8 46. h6 Ke7 47. Rh8 Ke6 48. Re8+ Kf5 49. h7 Rg1+ 50. Kf3 Rxc3+ 51. Re3 Rxe3+ 52. fxe3 Rh1 53. e4+ 1-0

[Event "56th Biel Festival MTO 2023"]
[White "Coles,Robin"]
[Black "Ribiere,Damien"]
[Site "Biel"]
[Round "2.44"]
[Annotator "ChessBase"]
[Result "1/2-1/2"]
[Date "2023.07.19"]
[WhiteElo "2070"]
[BlackElo "2213"]
[PlyCount "152"]
[TimeControl "60"]

1. e4 d6 2. d4 Nf6 3. Nc3 g6 4. Be3 c6 5. Qd2 b5 6. Bd3 Nbd7 7. Nf3 Bg7 8. Bh6 O-O 9. Bxg7 Kxg7 10. Ne2 e5 11. dxe5 Nxe5 12. Nxe5 dxe5 13. Qc3 Qd6 14. O-O b4 15. Qe1 c5 16. Rd1 Be6 17. b3 Nh5 18. Qd2 Rad8 19. Qe3 Nf4 20. g3 Nxe2+ 21. Bxe2 Qc7 22. Bd3 Rfe8 23. Bb5 Rf8 24. Bd3 a5 25. f4 exf4 26. gxf4 f6 27. Rde1 Rfe8 28. Qg3 c4 29. bxc4 Bxc4 30. e5 Qc5+ 31. Qe3 Qxe3+ 32. Rxe3 Bxd3 33. cxd3 fxe5 34. fxe5 Rd5 35. e6 Re7 36. Rc1 Kf6 37. Rc6 g5 38. Kf2 h5 39. Ke2 Re5 40. Rxe5 Kxe5 41. Rc5+ Kd4 42. Rxg5 Rxe6+ 43. Kd2 Rf6 44. Kc2 a4 45. Rxh5 Rf2+ 46. Kb1 Kc3 47. Rc5+ Kxd3 48. h4 Rh2 49. h5 Kd4 50. Rc1 Rxh5 51. Rd1+ Kc4 52. Rc1+ Kb5 53. Rg1 Rh3 54. Rg8 Rh1+ 55. Kc2 Rh2+ 56. Kb1 Rh4 57. Rb8+ Kc4 58. Rc8+ Kd3 59. Rd8+ Kc3 60. Rc8+ Rc4 61. Rxc4+ Kxc4 62. a3 b3 63. Kb2 Kd3 64. Kb1 Kc3 65. Kc1 Kd3 66. Kb1 Kc4 67. Kb2 Kd4 68. Kb1 Kd3 69. Kb2 Kd2 70. Kb1 Ke3 71. Kb2 Kd4 72. Kb1 Kd3 73. Kb2 Kc4 74. Kb1 Kc3 75. Kc1 b2+ 76. Kb1 Kb3 1/2-1/2

[Event "56th Biel Festival MTO 2023"]
[White "Ouellet,Maili-Jade"]
[Black "Monteverde,Jonathan"]
[Site "Biel"]
[Round "2.45"]
[Annotator "ChessBase"]
[Result "1/2-1/2"]
[Date "2023.07.19"]
[WhiteElo "2201"]
[BlackElo "2074"]
[PlyCount "54"]
[TimeControl "60"]

1. d4 Nf6 2. c4 e6 3. Nc3 Bb4 4. f3 c5 5. d5 b5 6. e4 O-O 7. e5 Ne8 8. f4 exd5 9. cxd5 d6 10. Nf3 c4 11. a4 Nd7 12. axb5 dxe5 13. fxe5 Nxe5 14. Nxe5 Qh4+ 15. g3 Qe4+ 16. Qe2 Qxh1 17. Bd2 Nd6 18. O-O-O Re8 19. Bh3 Qxd1+ 20. Qxd1 Rxe5 21. Bf4 Re7 22. Qa4 Bc5 23. Bxc8 Rxc8 24. Qa6 Rd8 25. Qc6 Rc8 26. Qa6 Rd8 27. Qc6 Rc8 1/2-1/2

[Event "56th Biel Festival MTO 2023"]
[White "Ozcan,Kaan"]
[Black "Prieb,Robert"]
[Site "Biel"]
[Round "2.46"]
[Annotator "ChessBase"]
[Result "0-1"]
[Date "2023.07.19"]
[WhiteElo "2196"]
[BlackElo "2060"]
[PlyCount "122"]
[TimeControl "60"]

1. e4 e6 2. d4 d5 3. exd5 exd5 4. Nf3 Bd6 5. Bd3 Ne7 6. O-O O-O 7. Re1 Bf5 8. Nc3 Bxd3 9. Qxd3 c6 10. Ne2 Qc7 11. Ng3 Nd7 12. Bg5 Rfe8 13. Re2 h6 14. Bxe7 Rxe7 15. Rxe7 Bxe7 16. Re1 Bf8 17. c3 Nf6 18. Qf5 Re8 19. Rxe8 Nxe8 20. Ne5 Nd6 21. Qc2 Qe7 22. Kf1 g6 23. Nf3 Ne4 24. Nxe4 Qxe4 25. Qxe4 dxe4 26. Nd2 f5 27. Nc4 c5 28. Ke2 cxd4 29. cxd4 Kf7 30. Ne5+ Kg7 31. f3 exf3+ 32. Nxf3 Kf6 33. Kd3 b5 34. h3 Bd6 35. a3 Ke6 36. b4 Bf4 37. Kc3 g5 38. Ne1 Kd5 39. Kd3 Bc1 40. Nc2 a6 41. Kc3 Ke4 42. Na1 g4 43. Nb3 gxh3 44. gxh3 Bg5 45. d5 f4 46. Kd2 Kf3 47. Nd4+ Kg2 48. Ke2 Bf6 49. Nf3 Kxh3 50. d6 Kg2 51. d7 h5 52. Ne1+ Kg3 53. Nd3 h4 54. Ne5 Kg2 55. Nf3 h3 56. Ne1+ Kg3 57. Nf3 Bd8 58. Nd2 h2 59. Nf1+ Kh3 60. Nxh2 Kxh2 61. Kf3 Bc7 0-1

[Event "56th Biel Festival MTO 2023"]
[White "Hornung,Hans"]
[Black "Zhang,Lanlin"]
[Site "Biel"]
[Round "2.47"]
[Annotator "ChessBase"]
[Result "0-1"]
[Date "2023.07.19"]
[WhiteElo "2047"]
[BlackElo "2194"]
[PlyCount "140"]
[TimeControl "60"]

1. Nf3 d5 2. d4 Nf6 3. c4 e6 4. Nc3 Be7 5. Bg5 c6 6. e3 Nbd7 7. Qc2 h6 8. cxd5 exd5 9. Bf4 O-O 10. h3 Re8 11. Bd3 Nf8 12. O-O Ne6 13. Bh2 c5 14. Rad1 cxd4 15. exd4 Bd6 16. Be5 Nc7 17. Rfe1 Be6 18. Re3 Rc8 19. Qe2 Nh5 20. Bb1 Nf4 21. Qc2 Ng6 22. Rde1 Nf8 23. Qd2 b5 24. Bxd6 Qxd6 25. Ne5 b4 26. Nd1 f6 27. Nd3 Bf5 28. Bc2 Bxd3 29. Qxd3 Nce6 30. Bb3 Rcd8 31. Qf5 a5 32. Qg4 Qc6 33. R3e2 a4 34. Bc2 Ng5 35. Rxe8 Rxe8 36. Rxe8 Qxe8 37. Ne3 Nge6 38. Nxd5 Qd8 39. Nxb4 f5 40. Bxf5 Nxd4 41. Be4 Qb6 42. a3 Qc5 43. Qd1 Kh8 44. Bc2 Nfe6 45. Qd3 Kg8 46. Qg6 Ne2+ 47. Kf1 N2d4 48. g3 Qc8 49. Qh7+ Kf7 50. Qe4 Qd7 51. Bd3 Qc8 52. Kg2 Ng5 53. Qd5+ Kf8 54. g4 Nge6 55. Qd6+ Kg8 56. Nd5 Qb7 57. Be4 Qxb2 58. Ne7+ Kf7 59. Bg6+ Kf6 60. Bf5 Qb7+ 61. Nd5+ Qxd5+ 62. Qxd5 Nf4+ 63. Kg3 Nxd5 64. Bd7 Nb6 65. Be8 Nc2 66. f4 Nxa3 67. h4 Nb5 68. g5+ Ke7 69. Bxb5 a3 70. f5 a2 0-1

[Event "56th Biel Festival MTO 2023"]
[White "Jaivardhan Raj"]
[Black "Adocchio,Giampiero"]
[Site "Biel"]
[Round "2.48"]
[Annotator "TA"]
[Result "1/2-1/2"]
[Date "2023.07.19"]
[WhiteElo "2009"]
[BlackElo "2165"]
[PlyCount "33"]
[TimeControl "60"]

1. e4 e6 2. d4 d5 3. Nd2 c5 4. exd5 Qxd5 5. Ngf3 cxd4 6. Bc4 Qd6 7. O-O Nf6 8. Nb3 Nc6 9. Nbxd4 Nxd4 10. Nxd4 Be7 11. c3 O-O 12. Qf3 Qc7 13. Bd3 {[%emt 0:1:47] C07: French Tarrasch: 3...c5, 4 Ngf3 and 4 exd5 Qxd5.} Bd7 {[%emt 0:0:0] The position is equal.} 14. Bg5 {[%emt 0:0:30][%cal Bc1g5,Bg5h4,Bh4g3,Bg3d6][%mdl 32] [#]} h6 $146 ({Predecessor:} 14... Nd5 15. Bxe7 Nxe7 16. Rfe1 Rad8 {½-½ Cooper,L (2313)-Lalic,B (2538) Bunratty Masters op 16th 2009 (2)} )15. Bh4 Rfd8 16. Bg3 Bd6 17. Bxd6 {[%emt 0:2:16] A rather calm draw.   Weighted Error Value: White=0.12 (very precise) /Black=0.03 (flawless)} 1/2-1/2